 Dungeon Crawl Stone Soup version 0.31-a0-221-gbddc013574 (webtiles) character file.

Game seed: 13046030277237893355

2331 Midn8 the Fighter (level 9, -5/97 HPs)
             Began as an Ogre Reaver on July 4, 2023.
             Was a High Priest of Nemelex Xobeh.
             Slain by a wolf (7 damage)
             ... led by Grum
             ... on level 8 of the Dungeon.
             The game lasted 00:17:55 (7569 turns).

Midn8 the Fighter (Ogre Reaver)                     Turns: 7569, Time: 00:17:56

Health: -5/97      AC:  6    Str: 18    XL:     9   Next: 42%
Magic:  0/13       EV: 14    Int: 18    God:    Nemelex Xobeh [*****.]
Gold:   328        SH:  0    Dex:  7    Spells: 5/14 levels left

rFire   . . .        n - +2 whip (elec)
rCold   . . .        (no shield)
rNeg    + . .        b - +1 robe
rPois   +            r - +2 hat
rElec   .            (no cloak)
rCorr   .            (gloves unavailable)
SInv    .            (boots unavailable)
Will    .....        c - amulet "Tiehoowi" {Faith rPois Slay+2}
Stlth   +            g - ring of positive energy
HPRegen 0.36/turn    i - +5 ring of evasion
MPRegen 0.13/turn

%: faith
@: immotile
A: large, unfitting armour, tough skin 1
a: Renounce Religion, Draw Escape, Draw Destruction, Draw Summoning, Triple
Draw, Deal Four, Stack Five


You were on level 8 of the Dungeon.
You worshipped Nemelex Xobeh.
Nemelex Xobeh was extremely pleased with you.
You visited 1 branch of the dungeon, and saw 8 of its levels.

You collected 328 gold pieces.

Inventory:

Hand Weapons
 n - a +2 whip of electrocution (weapon)
 o - the +8 battleaxe "Moraosown" {freeze, rN+}
   (You found it on level 5 of the Dungeon)

   rN:        It protects you from negative energy.
Missiles
 f - 3 boomerangs
 q - 6 silver javelins
 s - 4 atropa-tipped darts
 t - 10 poisoned darts
Armour
 b - a +1 robe (worn)
 r - a +2 hat (worn)
Jewellery
 c - the amulet "Tiehoowi" (around neck) {Faith rPois Slay+2}
   (You acquired it on level 5 of the Dungeon)

   [amulet of faith]

   It allows you to gain divine favour quickly.
   Slay:      It affects your accuracy & damage with ranged weapons and melee
   (+2).
   rPois:     It protects you from poison.
 g - a ring of positive energy (left hand)
 i - a +5 ring of evasion (right hand)
 w - a ring of magical power
 y - a ring of ice
Wands
 u - a wand of roots (18)
 A - a wand of charming (2)
Scrolls
 a - a scroll of enchant weapon
 d - 6 scrolls of teleportation
 h - a scroll of brand weapon {unknown}
 j - a scroll of fog
 p - a scroll of blinking
 v - a scroll of summoning {unknown}
 x - a scroll of enchant armour
 B - a scroll of revelation {unknown}
 C - a scroll of amnesia {unknown}
Potions
 e - 3 potions of heal wounds
 k - a potion of magic
 l - a potion of haste
 m - 3 potions of curing
 z - 2 potions of mutation
 D - a potion of lignification {unknown}
 E - a potion of might {unknown}


   Skills:
 + Level 8.4 Fighting
 - Level 6.0 Maces & Flails
 - Level 1.7 Dodging
 - Level 3.0 Spellcasting
 - Level 5.0 Conjurations
 - Level 3.0 Translocations
 - Level 4.0 Ice Magic
 - Level 5.0 Invocations


You had 5 spell levels left.
You knew the following spells:

 Your Spells              Type           Power      Damage    Failure   Level
a - Kiss of Death         Conj/Necr      44%        2d8       6%          1
h - Hailstorm             Conj/Ice       18%        3d6       8%          3
s - Momentum Strike       Conj/Tloc      34%        3d8       4%          2
z - Beastly Appendage     Tmut           4%         N/A       16%         1
B - Blink                 Tloc           26%        N/A       7%          2

Your spell library contained the following spells:

 Spells                   Type           Power      Damage    Failure   Level
 Apportation              Tloc           26%        N/A       4%          1
 Sandblast                Erth           4%         2d4       16%         1
 Stone Arrow              Conj/Erth      22%        3d8       17%         3
 Passwall                 Tmut/Erth      1%         N/A       24%         2
 Wereblood                Tmut           2%         N/A       24%         2
 Spider Form              Tmut/Pois      2%         N/A       43%         3
 Manifold Assault         Tloc           13%        N/A       43%         4
 Alistair's Intoxication  Tmut/Pois      1%         N/A       99%         5
 Storm Form               Tmut/Air       1%         N/A       100%        7


Dungeon Overview and Level Annotations

Branches:
Dungeon (8/15)             Temple (0/1) D:7
   Lair: D:8-11

Altars:
Dithmenos
Fedhas
Kikubaaqudgha
Makhleb
Nemelex Xobeh
Ru
Uskayaw
Wu Jian
Xom
Yredelemnul
Zin

Shops:
D:4 (

Annotations:
D:8 Grum


Innate Abilities, Weirdness & Mutations

You are too large for most types of armour.
You have tough skin. (AC +1)


Message History

Grum is heavily wounded.
The wolf is no longer moving slowly.
The wolf barely misses you.
Grum hits you from afar with a -2 spear!
* * * LOW HITPOINT WARNING * * *
Unknown command.
Unknown command.
Unknown command.
Casting: Hailstorm (dangerous; 8% risk of failure)
Confirm with . or Enter, or press ? or * to list all spells.
Casting: Hailstorm (dangerous; 8% risk of failure)
Press: ? - help, Dir - look around, f - activate A cannonade of hail descends around you!
The hail pelts Grum!
Grum is severely wounded.
The wolf bites you but does no damage. Grum barely misses you.
The wolf closely misses you.
Unknown command.
Unknown command.
Casting: Hailstorm (dangerous; 8% risk of failure)
Confirm with . or Enter, or press ? or * to list all spells.
Casting: Hailstorm (dangerous; 8% risk of failure)
Press: ? - help, Dir - look around, f - activate A cannonade of hail descends around you!
The hail pelts Grum!
Grum is almost dead.
The wolf bites you!
* * * LOW HITPOINT WARNING * * *
Grum closely misses you. The wolf bites you!
* * * LOW HITPOINT WARNING * * *
Unknown command.
Unknown command.
Unknown command.
Casting: Hailstorm (dangerous; 8% risk of failure)
Confirm with . or Enter, or press ? or * to list all spells.
Casting: Hailstorm (dangerous; 8% risk of failure)
Press: ? - help, Dir - look around, f - activate A cannonade of hail descends around you!
The hail misses Grum.
The wolf bites you!
You die...
Your body disappears without a glow.

..........######.###
.....##.......#....#.....#
..._.##_......#...)#.....#
..#####.......'....#.....#
..#######.....##...#.....##
....#####.....##...#......h
..._##._...?.......#.......
....##...........h.#.......
................@†g'.......
.##...##.<...###...#.......
###...###'######...####.###
#.....#......#............
#.....+......#............
#.....#......#............
#.....#......#...........>
##....##.....#............
#############....##......


You could see Grum (misshapen) and a wolf.

Vanquished Creatures
  A yak (D:7)
  A water moccasin (D:5)
  Duvessa (D:5)
  An ice beast (D:6)
  2 sky beasts (D:6)
  An orc warrior (D:6)
  2 wolves (D:8)
  2 phantoms
  A gnoll sergeant (D:4)
  8 scorpions
  A bullfrog (D:7)
  3 jellies
  Dowan (D:5)
  A howler monkey (D:5)
  4 hounds
  A sleepcap (D:7)
  An iguana (D:6)
  3 orc wizards (D:6)
  Robin (D:2)
  4 gnolls
  8 adders
  A shadow imp (D:7)
  2 white imps
  An ufetubus (D:7)
  2 worms
  2 dart slugs
  7 orcs
  8 endoplasms
  A giant cockroach (D:1)
  9 goblins
  6 hobgoblins
  9 jackals
  3 quokkas
  7 ball pythons
  5 bats
  4 frilled lizards
  8 kobolds
  3 rats
126 creatures vanquished.

Notes
Turn   | Place    | Note
-------+----------+-------------------------------------------
     0 | D:1      | Midn8 the Ogre Reaver began the quest for the Orb.
     0 | D:1      | Reached XP level 1. HP: 22/22 MP: 3/3
   275 | D:1      | Reached XP level 2. HP: 29/29 MP: 5/5
   827 | D:1      | Learned a level 2 spell: Momentum Strike
   870 | D:2      | Reached XP level 3. HP: 36/36 MP: 6/6
  1041 | D:2      | Found a faded altar of an unknown god.
  1260 | D:2      | Prayed at the altar of an unknown god.
  1260 | D:2      | Became a worshipper of Nemelex Xobeh the Trickster
  1260 | D:2      | Reached * piety under Nemelex Xobeh
  1373 | D:2      | Received a gift from Nemelex Xobeh
  1469 | D:2      | Noticed Robin
  1495 | D:2      | Killed Robin
  1556 | D:2      | Reached skill level 3 in Fighting
  1556 | D:2      | Reached XP level 4. HP: 38/45 MP: 7/7
  2151 | D:3      | Learned a level 2 spell: Blink
  2205 | D:3      | Reached ** piety under Nemelex Xobeh
  2348 | D:3      | Reached skill level 4 in Fighting
  2360 | D:3      | Reached skill level 1 in Invocations
  2470 | D:3      | Found a basalt altar of Yredelemnul.
  2656 | D:3      | Noticed Ijyb
  2657 | D:3      | Ijyb changed into Ijyb the gnoll
  2657 | D:3      | Noticed Ijyb
  2663 | D:3      | Killed Ijyb the gnoll
  2777 | D:3      | Reached XP level 5. HP: 54/54 MP: 8/8
  3055 | D:4      | Reached skill level 1 in Translocations
  3218 | D:4      | Noticed a phantom
  3231 | D:4      | Killed a phantom
  3232 | D:4      | Reached XP level 6. HP: 58/62 MP: 4/9
  3324 | D:4      | Received a gift from Nemelex Xobeh
  3674 | D:4      | Learned a level 1 spell: Beastly Appendage
  3725 | D:4      | Reached skill level 5 in Fighting
  3813 | D:4      | Found Sushourgh's Antique Weapon Shoppe.
  4004 | D:5      | Entered Level 5 of the Dungeon
  4151 | D:5      | Identified a scroll of acquirement
  4151 | D:5      | Acquired the amulet "Tiehoowi" {Faith rPois Slay+2}
  4164 | D:5      | Found a sacrificial altar of Ru.
  4176 | D:5      | Reached *** piety under Nemelex Xobeh
  4183 | D:5      | Reached XP level 7. HP: 62/74 MP: 10/10
  4199 | D:5      | Reached skill level 6 in Fighting
  4321 | D:5      | Noticed Duvessa
  4321 | D:5      | Noticed Dowan
  4352 | D:5      | Killed Duvessa
  4353 | D:5      | Reached skill level 5 in Maces & Flails
  4363 | D:5      | Killed Dowan
  4497 | D:5      | Learned a level 3 spell: Hailstorm
  4784 | D:5      | Identified the +8 battleaxe "Moraosown" {freeze, rN+}
  4809 | D:5      | Reached XP level 8. HP: 60/83 MP: 7/12
  4811 | D:5      | Reached skill level 1 in Ice Magic
  5895 | D:6      | Found a hide-covered altar of Uskayaw.
  5935 | D:6      | Reached **** piety under Nemelex Xobeh
  5987 | D:6      | Received a gift from Nemelex Xobeh
  6095 | D:6      | Reached skill level 5 in Conjurations
  6290 | D:6      | Reached XP level 9. HP: 89/89 MP: 13/13
  6460 | D:6      | Reached skill level 5 in Invocations
  6947 | D:7      | Received a gift from Nemelex Xobeh
  7002 | D:7      | Found a shimmering altar of Xom.
  7060 | D:7      | Found an ancient bone altar of Kikubaaqudgha.
  7060 | D:7      | Found a burning altar of Makhleb.
  7200 | D:7      | Found a staircase to the Ecumenical Temple.
  7394 | D:7      | Reached skill level 7 in Fighting
  7469 | D:8      | Found an ornate altar of the Wu Jian Council.
  7469 | D:8      | Found a shadowy altar of Dithmenos.
  7470 | D:8      | Received a gift from Nemelex Xobeh
  7477 | D:8      | Found a blossoming altar of Fedhas.
  7484 | D:8      | Found a glowing silver altar of Zin.
  7546 | D:8      | Reached ***** piety under Nemelex Xobeh
  7552 | D:8      | Noticed Grum
  7561 | D:8      | Reached skill level 8 in Fighting
  7568 | D:8      | HP: 2/97 [wolf[Grum] (9)]
  7569 | D:8      | Slain by a wolf

Illustrated notes

Levels and vault maps discovered:
D:1:      lightli_arrival_boilingwater, layout_loops_cross
D:2:      layout_loops_ring, nicolae_ecumenical_oubliette, minivault_19,
          minmay_stone_trees_small, chequers_decorated_corner, grunt_decor_cap,
          uniq_robin
D:3:      layout_loops_corners, nicolae_overflow_crystal_walls,
          minmay_joined_circles, uniq_ijyb
D:4:      layout_basic, serial_shops,
          nicolae_shop_temple_entry_statues_fountains
D:5:      layout_basic, lemuel_doored_altar, uniq_duvessa
D:6:      layout_loops_ring, mainiacjoe_overflow_catwalk, serial_glass,
          glass_columns_a, glass_columns_b, minmay_strange_pillars,
          minmay_strange_pillars, feat_on_display, minmay_strange_pillars,
          serial_bayou_pond_d, dreamdust_princess_corridor,
          grunt_decor_arrowhead, nicolae_water_bricks,
          chequers_serial_rivers_micro_a
D:7:      layout_gridville, gammafunk_temple_overflow_elements,
          mainiacjoe_overflow_brackets, minmay_temple_entry_fiery, minivault_4
D:8:      layout_gridville, okawaru_trees_2,
          mainiacjoe_overflow_small_starburst,
          nicolae_overflow_macrodata_refinement, uniq_grum

Skill      XL: |  1  2  3  4  5  6  7  8  9 |
---------------+----------------------------+-----
Maces & Flails | 3 4 6 |  6.0
Conjurations   | 3 5 |  5.0
Fighting       | 3 4 5 6 8 |  8.4
Invocations    | 1 3 4 5 |  5.0
Translocations | 2 3 |  3.0
Ice Magic      | 4 |  4.0
Spellcasting   | 3 |  3.0
Dodging        | |  1.7

Action                     |  1- 3 |  4- 6 |  7- 9 || total
---------------------------+-------+-------+-------++-------
  Melee: Mace              |   146 |       |       ||   146
         Punch             |     2 |     1 |     2 ||     5
         Whip              |     3 |   140 |   179 ||   322
         Kick              |       |       |     2 ||     2
         Headbutt          |       |       |     1 ||     1
   Cast: Momentum Strike   |     3 |     5 |    28 ||    36
         Kiss of Death     |       |     1 |       ||     1
         Beastly Appendage |       |     2 |     2 ||     4
         Hailstorm         |       |       |    11 ||    11
 Invoke: Draw Destruction  |       |     1 |     3 ||     4
    Use: Scroll            |       |    13 |     3 ||    16
 Armour: Robe              |    60 |    34 |    36 ||   130
  Dodge: Dodged            |    78 |    50 |    96 ||   224

Table legend: (Time is in decaauts)
 A = Elapsed time spent in this place.
 B = Non-inter-level travel time spent in this place.
 C = Inter-level travel time spent in this place.
 D = Time resting spent in this place.
 E = Time spent auto-exploring this place.
 F = Levels seen in this place.
 G = Mean time per level.
                   A        B        C        D        E       F      G
               +--------+--------+--------+--------+--------+-----+--------+
         Total |   7558 |   7088 |    470 |   1559 |   4218 |   8 |  944.8 |
       Dungeon |   7558 |   7088 |    470 |   1559 |   4218 |   8 |  944.8 |
               +--------+--------+--------+--------+--------+-----+--------+

Top non-repeatable levels by time:
     D:6: 1463 daAuts
     D:3: 1194 daAuts
     D:5: 1142 daAuts
     D:2: 982 daAuts
     D:1: 981 daAuts
     D:4: 913 daAuts
     D:7: 763 daAuts
     D:8: 117 daAuts
